 Dungeon Crawl Stone Soup version 0.22-a0-587-g7d32d7c7ae (webtiles) character file.

149 Hercules1031 the Ducker (level 4, 0/37 HPs)
             Began as a Demigod Gladiator on July 5, 2018.
             Killed from afar by an orc wizard (3 damage)
             ... with a puff of flame
             ... on level 3 of the Dungeon.
             The game lasted 00:08:15 (2100 turns).

Hercules1031 the Ducker (Demigod Gladiator)         Turns: 2100, Time: 00:08:16

Health: 0/37       AC: 11    Str: 19    XL:     4   Next: 82%
Magic:  6/6        EV: 13    Int: 12    God:
Gold:   145        SH:  0    Dex: 17    Spells: 3/3 levels left

rFire    . . .     SeeInvis .   i - +1 trident (protect)
rCold    . . .     Gourm    .   (no shield)
rNeg     . . .     Faith    .   b - +0 leather armour
rPois    .         Spirit   .   c - +0 helmet
rElec    .         Reflect  .   (no cloak)
rCorr    .         Harm     .   (no gloves)
MR       .....                  (no boots)
Stlth    +.........             (no amulet)
HPRegen  0.12/turn              (no ring)
MPRegen  0.10/turn              (no ring)

@: protection aura
A: high mp 1
a: no special abilities


You were on level 3 of the Dungeon.
You were hungry.

You visited 1 branch of the dungeon, and saw 3 of its levels.

You collected 145 gold pieces.

Inventory:

Hand Weapons
 a - a +0 war axe
 i - a +1 trident of protection (weapon)
 j - a +2 spear of venom
Missiles
 d - 3 throwing nets (quivered)
Armour
 b - a +0 leather armour (worn)
 c - a +0 helmet (worn)
 g - a cursed +0 leather armour
Scrolls
 h - 5 scrolls of teleportation {unknown}
 k - a scroll of blinking {unknown}
 m - a scroll of fog {unknown}
 n - a scroll of fear {unknown}
 o - 3 scrolls of remove curse {unknown}
 p - a scroll of magic mapping {unknown}
 q - a scroll of immolation {unknown}
 r - a scroll of identify
Potions
 e - a potion of lignification {unknown}
 l - a potion of agility {unknown}
 s - a potion of curing
Comestibles
 f - 2 rations


   Skills:
 + Level 2.5 Fighting
 - Level 3.0(3.2) Axes
 * Level 1.5(2.5) Polearms
 - Level 1.7 Throwing
 * Level 2.4 Armour
 + Level 3.3 Dodging


You had 3 spell levels left.
You didn't know any spells.
Your spell library contained the following spells:

 Spells                   Type           Power        Failure   Level  Hunger
 Spider Form              Tmut/Pois      #.........   75%         3    ####...
 Blade Hands              Tmut           #.........   100%        5    ######.
 Ice Form                 Ice/Tmut       #.......     98%         4    #####..
 Sticks to Snakes         Tmut           #.......     52%         2    ###....
 Beastly Appendage        Tmut           #.....       36%         1    ##.....


Dungeon Overview and Level Annotations

Branches:
Dungeon (3/15)


Innate Abilities, Weirdness & Mutations

You have an increased reservoir of magic. (+10% MP)


Message History

Something hits you but does no damage.
You miss something. Something hits you but does no damage.
The orc hits you with a club.
* * * LOW HITPOINT WARNING * * *
You puncture the orc!
Your weapon exudes an aura of protection.
You kill the orc!
Something hits you but does no damage. Something hits you but does no damage.
You see here a club.
Something hits you.
* * * LOW HITPOINT WARNING * * *
You hit something.
Your weapon exudes an aura of protection.
Something hits you but does no damage. x2
You closely miss something.
You hear some strange, mumbled words.
A puff of flame appears from out of thin air!
The puff of flame hits you!
You die...

######### ...#..$
########.#.#
###....#@{...#
#......#)#.........
+......#.#.(.......
#......#.#......... ###
#####......#.#.........
#..
#.....#'#'##.#.........
#..
#.....#.#.##.#.........
#..
#.....#.#.##.#.........
#.. #.....#.#....# #..


There were no monsters in sight!

Vanquished Creatures
  An orc priest (D:3)
  A hound skeleton (D:2)
  A gnoll (D:1)
  2 adders
  3 worms (D:2)
  4 dart slugs
  6 orcs (D:3)
  7 bats
  2 giant cockroaches
  4 goblins
  8 hobgoblins
  10 kobolds
  A ball python (D:1)
  A frilled lizard (D:3)
  7 rats
58 creatures vanquished.

Notes
Turn   | Place    | Note
-------+----------+-------------------------------------------
     0 | D:1      | Hercules1031 the Demigod Gladiator began the quest for the Orb.
     0 | D:1      | Reached XP level 1. HP: 17/17 MP: 3/3
   143 | D:1      | Reached XP level 2. HP: 10/24 MP: 4/4
   344 | D:1      | You fall through a shaft!
   361 | D:2      | Reached skill level 1 in Armour
   645 | D:1      | Reached XP level 3. HP: 21/29 MP: 5/5
  1323 | D:2      | Reached XP level 4. HP: 36/36 MP: 6/6
  1723 | D:3      | Reached skill level 1 in Polearms
  2100 | D:3      | Killed from afar by an orc wizard

Vault maps used:
D:1:      nzn_arrival_depleted_hourglass
D:2:      first_ration
D:3:      minmay_ogre_servants

Skill      XL: |  1  2  3  4 |
---------------+-------------+-----
Armour         | 1 2 |  2.4
Fighting       | 2 |  2.5
Axes           | 3 |  3.0
Dodging        | 3 |  3.3
Polearms       | 1 |  1.5
Throwing       | |  1.7

Action                   |  1- 3 |  4- 6 || total
-------------------------+-------+-------++-------
Melee: War axe           |    56 |       ||    56
       Trident           |    31 |   102 ||   133
  Use: Scroll            |     2 |       ||     2
       Potion            |       |     1 ||     1
 Stab: Sleeping          |     2 |     3 ||     5
  Eat: Ration            |     1 |       ||     1
Armor: Leather armour    |    32 |    39 ||    71
Dodge: Dodged            |    68 |    70 ||   138

Table legend:
 A = Spawn XP
 B = Non-spawn XP
 C = Spawn XP percentage of total XP
 D = Spawn monster count
 E = Non-spawn monster count
 F = Spawn count percentage of total count
 G = Total turns spent on level
                    A         B        C        D         E        F      G
               +---------+---------+-------+---------+---------+-------+---------
         Total |       0 |     213 |   0.0 |       0 |      58 |   0.0 |  2100
               +---------+---------+-------+---------+---------+-------+---------
           D:1 |       0 |      47 |   0.0 |       0 |      18 |   0.0 |   923
           D:2 |       0 |      71 |   0.0 |       0 |      19 |   0.0 |   653
           D:3 |       0 |      95 |   0.0 |       0 |      21 |   0.0 |   524
               +---------+---------+-------+---------+---------+-------+---------
